Map: Lerilak Crest

Players

capac - Winner!

  • Race: Terran Terran
  • League: Gold

A.I. 1 (Elite)

  • Race: Terran Terran

VOD

Have the link to the VOD?

Description

Time

  • Played on: March 11, 2016, 10:44 a.m.
  • Length: 9:16
Show
View Real Time Build Order
Export as new Build Order

capac Terran - Winner!

Build Orders: MMM Bio 

Get SALT Encoding   

  12  0:01  SCV  
  13  0:13  SCV  
  14  0:17  Supply Depot  
  14  0:24  Supply Depot  
  14  0:25  SCV  
  15  0:41  Refinery  
  15  0:45  SCV  
  15  0:48  Barracks  
  16  0:57  SCV  
  17  1:09  SCV  
  18  1:21  SCV  
  19  1:34  SCV  
  19  1:35  Reaper  
  21  1:41  Command Center  
  21  1:46  SCV  
  22  1:51  Supply Depot  
  22  2:00  Orbital Command  
  22  2:07  Barracks Reactor  
  22  2:21  Factory  
  22  2:28  Refinery  
  22  2:35  SCV  
  23  2:44  Marine x2  
  23  2:50  SCV  
  26  2:56  Orbital Command  
  26  3:04  Marine x2  
  28  3:07  Starport, Factory Tech Lab  
  28  3:09  SCV  
  29  3:22  Marine x2  
  29  3:25  SCV  
  29  3:26  SCV  
  33  3:36  Siege Tank  
  36  3:41  Refinery, SCV  
  36  3:42  Marine, SCV  
  36  3:43  Marine  
  40  3:56  SCV x2  
  40  4:00  Supply Depot, Starport Reactor, Marine x2  
  44  4:03  Barracks  
  44  4:08  SCV x2  
  46  4:21  Siege Tank, SCV x2  
  50  4:31  Engineering Bay  
  50  4:33  SCV x2  
  52  4:39  Viking  
  54  4:46  Viking, SCV x2  
  54  4:48  Supply Depot  
  54  4:51  Refinery  
  58  4:56  Siege Tank  
  58  4:57  Marine  
  58  4:59  Barracks Tech Lab  
  62  5:03  Supply Depot  
  62  5:06  Marine  
  62  5:09  Missile Turret  
  62  5:11  Missile Turret  
  62  5:15  Marine  
  62  5:19  Stimpack  
  62  5:20  Marine  
  64  5:24  Marine  
  65  5:29  SCV x2  
  65  5:31  Siege Tank  
  70  5:37  Marine x2  
  72  6:00  Marine x2  
  72  6:01  Marine  
  75  6:04  Medivac  
  75  6:07  Command Center  
  75  6:09  Supply Depot  
  77  6:18  Marine  
  77  6:25  Marine x2, Siege Tank, SCV x2  
  70  7:00  Marine x3  
  73  7:03  Medivac x2  
  77  7:12  SCV x2  
  79  7:17  Marine  
  79  7:18  Supply Depot, Marine x2  
  82  7:23  Supply Depot, Combat Shields  
  82  7:24  Siege Tank  
  84  7:44  Marine  
  84  7:45  Marine x2  
  84  7:47  Supply Depot  
  84  7:48  SCV x2  
  89  7:56  Supply Depot  
  89  8:02  Marine x2  
  89  8:03  Marine  
  92  8:06  Viking x2, Barracks  
  92  8:09  Barracks  
  92  8:10  Barracks  
  95  8:17  Siege Tank  
  98  8:44  Marine  
  98  8:45  Marine x2  
Show
View Real Time Build Order
Export as new Build Order

A.I. 1 (Elite) Terran 

Build Orders: 1/1/1, Banshee Rush 

Get SALT Encoding   

  12  0:00  SCV  
  13  0:13  SCV  
  14  0:19  Supply Depot  
  14  0:25  SCV  
  15  0:30  Refinery  
  15  0:40  SCV  
  16  0:47  Barracks  
  16  0:52  SCV  
  16  0:56  Refinery  
  17  1:04  SCV  
  18  1:16  SCV  
  19  1:35  Orbital Command  
  19  1:36  Marine  
  19  1:38  Factory  
  20  1:54  Marine  
  20  1:57  Supply Depot  
  20  2:00  SCV  
  22  2:24  SCV  
  22  2:25  Starport  
  22  2:27  Starport  
  23  2:36  SCV  
  24  2:39  Supply Depot  
  24  2:48  SCV  
  25  3:01  Starport Tech Lab  
  25  3:04  Starport Tech Lab  
  25  3:14  SCV  
  25  3:17  Marine  
  25  3:19  Banshee  
  30  3:20  Cloaking Field  
  30  3:22  Banshee  
  30  3:25  Supply Depot  
  30  3:26  SCV  
  34  3:35  Marine  
  34  3:38  SCV  
  36  3:50  SCV  
  36  3:53  Marine  
  38  4:02  Banshee  
  41  4:04  Barracks, Factory Tech Lab  
  41  4:05  Banshee  
  43  4:28  Command Center  
  43  4:32  Supply Depot  
  43  4:33  Marine  
  44  4:51  Barracks Tech Lab, Marine  
  45  5:04  Barracks  
  45  5:08  Marine, Medivac  
  45  5:10  Marauder  
  45  5:12  Stimpack  
  50  5:17  Supply Depot  
  50  5:27  Barracks Reactor  
  50  5:31  Marauder  
  52  5:41  SCV  
  52  5:42  SCV  
  54  5:51  Marine  
  54  5:53  Marauder, SCV  
  58  5:59  SCV  
  58  6:03  Marine x2  
  55  6:05  SCV  
  55  6:10  Barracks Tech Lab  
  55  6:11  SCV  
  57  6:13  Marine  
  57  6:17  SCV  
  59  6:21  Marine x2, Siege Tank  
  59  6:23  SCV  
  65  6:28  Marine  
  65  6:29  SCV  
  65  6:32  Marauder  
  69  6:35  Supply Depot, SCV  
  70  6:41  SCV  
  70  6:44  Marine  
  70  6:46  Marauder, Marine  
  72  6:47  SCV  
  72  6:53  Marine, Siege Tank, SCV  
  62  6:59  SCV  
  63  7:02  Marine  
  63  7:03  Marine  
  63  7:05  SCV  
  63  7:07  Marauder  
  67  7:10  Marine  
  67  7:11  SCV  
  69  7:17  SCV  
  69  7:20  Marine  
  71  7:25  Siege Tank  
  71  7:28  Marine  
  71  7:29  Supply Depot, Marauder  
  73  7:30  Marine  
  70  7:38  Marine  
  66  7:46  Marine  
  66  7:48  Marauder  
  66  7:50  Marine  
  70  7:54  SCV  
  70  7:57  Siege Tank  
  72  8:08  Marauder  
  72  8:10  Command Center  
  67  8:29  Siege Tank  
  67  8:30  Marauder  
Tags
 
Composition
MMM Bio
League
Gold
Matchup
TvT
Opening
1/1/1
Race
Terran
Strategy
Banshee Rush
Add a new tag
Caveats
  • Supply blocks, unpowered buildings, or Contaminate may cause inaccurate times.
  • Supply counts are checked every 10 seconds.